 Dungeon Crawl Stone Soup version 0.22-a0-247-gbddf880 (webtiles) character file.

126 pokedragonboy the Skirmisher (level 4, -1/54 HPs)
             Began as a Demonspawn Fighter on Feb 27, 2018.
             Slain by a white imp (4 damage)
             ... summoned by Natasha
             ... on level 2 of the Dungeon.
             The game lasted 00:03:31 (1253 turns).

pokedragonboy the Skirmisher (Demonspawn Fighter)   Turns: 1253, Time: 00:03:32

Health: -1/54      AC: 22    Str: 16 (17) XL:     4   Next: 84%
Magic:  4/4        EV:  2    Int:  8 (9)  God:
Gold:   61         SH:  9    Dex: 15 (18) Spells: 3/3 levels left

rFire    . . .     SeeInvis .   a - +1 war axe
rCold    . . .     Gourm    .   c - +0 shield
rNeg     + + +     Faith    .   (armour currently unavailable)
rPois    +         Spirit   .   (helmet currently unavailable)
rElec    .         Reflect  .   (cloak currently unavailable)
rCorr    .         Harm     .   (gloves currently unavailable)
MR       .....     NoTele   +   (boots currently unavailable)
Stlth    ++........             (no amulet)
HPRegen  0.18/turn              (no ring)
MPRegen  0.09/turn              (no ring)

@: agile, tree-form, slowed, very slow
A: powered by death 1
a: no special abilities


You were on level 2 of the Dungeon.
You were hungry.
You were a tree.
You visited 1 branch of the dungeon, and saw 2 of its levels.

You collected 61 gold pieces.

Inventory:

Hand Weapons
 a - a +1 war axe (weapon)
Armour
 b - a +0 scale mail (melded)
 c - a +0 shield (worn)
Jewellery
 k - an uncursed ring of wizardry {unknown}
 o - an uncursed amulet of the gourmand {unknown}
Scrolls
 i - a scroll of teleportation {unknown}
 l - 3 scrolls of remove curse {unknown}
 m - a scroll of random uselessness {unknown}
 n - 2 scrolls of enchant weapon
 q - a scroll of amnesia {unknown}
Potions
 d - a potion of might
 e - a potion of agility
 g - a potion of brilliance {unknown}
 h - a potion of lignification
 j - 2 potions of degeneration
Comestibles
 f - 4 rations
 p - 6 chunks of flesh


   Skills:
 + Level 3.6 Fighting
 + Level 3.1 Axes
 + Level 3.2 Armour
 + Level 0.9 Dodging
 + Level 3.2 Shields


You had 3 spell levels left.
You didn't know any spells.

Dungeon Overview and Level Annotations

Branches:
Dungeon (2/15)

Altars:

Annotations:
D:2 Natasha


Innate Abilities, Weirdness & Mutations

((You have very sharp fingernails.))
You regenerate a little health from kills.


Message History

You hit the kobold.
The kobold is severely wounded.
You closely miss the white imp. You hit Natasha.
The bat hits you but does no damage. The kobold hits you but does no damage.
Natasha stares at you and mumbles some strange words.
You feel yourself slow down.
The white imp hits you but does no damage.
A hobgoblin comes into view. It is wielding a club.
You closely miss the kobold.
The kobold is severely wounded.
You closely miss the bat.
The hobgoblin shouts!
You hit the white imp. You barely miss Natasha.
The bat hits you but does no damage. The kobold hits you but does no damage.
Natasha claws you.
* * * LOW HITPOINT WARNING * * *
The white imp hits you.
* * * LOW HITPOINT WARNING * * *
The white imp freezes you.
You die...

#.......#..##......#
###.....#..##..#####
#...)#.......#.# #
.....#.....###<# .#
#.######.......# ###.#
..# ##.###### ?... ..#
#...# ..# ..#
#...######h.#.#.. ).#
#.......5♣K......
#.######...#####........
#.##...........#.bw.....
#.......................
...#...........#.#......
.#.#####...#####.#.#.#.#
.#.# #.........#.#g# .
.#.# #...#######.. .
.#.# ###...###


You could see a worm, Natasha, a white imp, a hobgoblin, a bat and a kobold.

Vanquished Creatures
  Natasha (twice) (D:2)
  2 adders (D:2)
  An ooze (D:1)
  3 worms (D:2)
  A dart slug (D:1)
  2 leopard geckos
  4 giant cockroaches
  5 goblins
  7 hobgoblins
  6 kobolds
  4 bats
  3 frilled lizards (D:1)
  5 rats
45 creatures vanquished.

Notes
Turn   | Place    | Note
-------+----------+-------------------------------------------
     0 | D:1      | pokedragonboy the Demonspawn Fighter began the quest for the Orb.
     0 | D:1      | Reached XP level 1. HP: 18/18 MP: 1/1
    24 | D:1      | Gained mutation: You regenerate a little health from kills. [demonic ancestry]
    24 | D:1      | Reached XP level 2. HP: 14/24 MP: 2/2
   237 | D:1      | Gained mutation: You have sharp fingernails. [demonic ancestry]
   237 | D:1      | Reached XP level 3. HP: 29/29 MP: 3/3
   616 | D:2      | Noticed Natasha
   622 | D:2      | Killed Natasha
   634 | D:2      | Gained mutation: You have very sharp fingernails. [demonic ancestry]
   634 | D:2      | Reached XP level 4. HP: 22/35 MP: 4/4
   949 | D:2      | Found a faded altar of an unknown god.
   957 | D:2      | Noticed Natasha
   967 | D:2      | Killed Natasha
  1243 | D:2      | Noticed Natasha
  1253 | D:2      | Slain by a white imp

Vault maps used:
D:1:      minmay_arrival_four_circles, serial_park_tiny_2, minmay_tetromino_o2
D:2:      first_ration, chequers_ecumenical_altar_island, hangedman_decor_push,
          uniq_natasha

Skill      XL: |  1  2  3  4 |
---------------+-------------+-----
Axes           | 2 3 |  3.1
Armour         | 3 |  3.2
Shields        | 3 |  3.2
Fighting       | |  3.6
Dodging        | |  0.9

Action                   |  1- 3 |  4- 6 || total
-------------------------+-------+-------++-------
Melee: War axe           |    83 |    67 ||   150
  Use: Scroll            |     1 |       ||     1
       Potion            |       |     3 ||     3
  Eat: Chunk             |       |     1 ||     1
Armor: Scale mail        |    65 |    24 ||    89
       Skin              |       |     7 ||     7
Dodge: Dodged            |    24 |    29 ||    53
Block: Shield            |    46 |    29 ||    75

Table legend:
 A = Spawn XP
 B = Non-spawn XP
 C = Spawn XP percentage of total XP
 D = Spawn monster count
 E = Non-spawn monster count
 F = Spawn count percentage of total count
 G = Total turns spent on level
                    A         B        C        D         E        F      G
               +---------+---------+-------+---------+---------+-------+---------
         Total |       0 |     181 |   0.0 |       0 |      45 |   0.0 |  1253
               +---------+---------+-------+---------+---------+-------+---------
           D:1 |       0 |      52 |   0.0 |       0 |      27 |   0.0 |   616
           D:2 |       0 |     129 |   0.0 |       0 |      18 |   0.0 |   637
               +---------+---------+-------+---------+---------+-------+---------
